 Dungeon Crawl Stone Soup version 0.26-a0-244-g083ca260ac (webtiles) character file.

Game seed: 12985762127107286621

139650 MrRokkomies the Nimble (level 17, -3/111 HPs)
             Began as a Kobold Arcane Marksman on July 7, 2020.
             Was the Champion of Dithmenos.
             Blown up by an orb spider (54 damage)
             ... with an orb of destruction
             ... on level 3 of the Spider Nest on July 8, 2020.
             The game lasted 02:45:57 (42484 turns).

MrRokkomies the Nimble (Kobold Arcane Marksman)    Turns: 42484, Time: 02:45:58

Health: -3/111     AC: 20    Str: 16    XL:     17   Next: 89%
Magic:  31/31      EV: 24    Int: 19    God:    Dithmenos [******]
Gold:   1462       SH:  0    Dex: 16    Spells: 1/36 levels left

rFire    . . .     SeeInvis +   a - +7 pair of quick blades "Gyre" and "Gimble" {protect}
rCold    . . .     Faith    .   (shield currently unavailable)
rNeg     . . .     Spirit   .   L - +2 ring mail {MR+}
rPois    +         Reflect  .   R - +2 helmet {Int+3}
rElec    .         Harm     .   (no cloak)
rCorr    .                      c - +2 pair of gloves
MR       ++...                  p - +3 pair of boots "Veoqim" {Str+4}
Stlth    +++++++++.             t - amulet of regeneration
HPRegen  0.68/turn              Y - ring "Piedev" {+Fly rPois Stlth+}
MPRegen  0.22/turn              E - ring of see invisible

@: corroded, protection aura, wreathed by umbra
A: small
a: Shadow Step, Shadow Form, Renounce Religion, Evoke Flight


You were on level 3 of the Spider Nest.
You worshipped Dithmenos.
Dithmenos was exalted by your worship.
You were not hungry.

You visited 5 branches of the dungeon, and saw 27 of its levels.
You also visited: Sewer, Ossuary, Bailey, Gauntlet and Ice Cave.

You collected 3649 gold pieces.
You spent 2187 gold pieces at shops.

Inventory:

Hand Weapons
 a - the +7 pair of quick blades "Gyre" and "Gimble" (weapon) {protect}
   (You acquired it on level 3 of the Lair of Beasts)

   It grants its wielder temporary protection when it strikes (+7 to AC).
 b - the +6 hand crossbow of Brawling {speed, rElec Str+8}
   (You found it on level 4 of the Lair of Beasts)

   Attacks with this weapon are significantly faster.
   It affects your strength (+8).
   It insulates you from electricity.
 w - the +7 flail "Hetyorch" {vorpal, rElec}
   (You found it on level 5 of the Dungeon)

   It inflicts extra damage upon your enemies.
   It insulates you from electricity.
 S - the +7 captain's cutlass {speed, disarm}
   (You found it on level 15 of the Dungeon)

   Attacks with this weapon are significantly faster.
Missiles
 d - 60 bolts
 j - 16 poisoned darts (quivered)
 G - 3 throwing nets
 I - 7 curare-tipped darts
Armour
 c - a +2 pair of gloves (worn)
 p - the +3 pair of boots "Veoqim" (worn) {Str+4}
   (You found it on level 6 of the Lair of Beasts)

   It affects your strength (+4).
 L - a +2 ring mail of magic resistance (worn)
 R - a +2 helmet of intelligence (worn)
Jewellery
 t - an amulet of regeneration (around neck)
 E - a ring of see invisible (right hand)
 F - a +4 ring of protection
 T - an uncursed ring of protection from fire
 Y - the ring "Piedev" (left hand) {+Fly rPois Stlth+}
   (You found it in an ice cave)

   [ring of flight]

   It protects you from poison.
   It lets you fly.
   It makes you more stealthy.
Wands
 v - a wand of digging (3)
 C - a wand of flame (3)
 D - a wand of polymorph (3)
 M - a wand of paralysis (5)
 Z - a wand of disintegration (13)
Scrolls
 e - 9 scrolls of identify
 f - 7 scrolls of blinking
 i - 10 scrolls of teleportation
 l - 2 scrolls of amnesia
 m - 4 scrolls of summoning
 n - 6 scrolls of fog
 r - 9 scrolls of fear
 s - 2 scrolls of enchant weapon
 u - 14 scrolls of remove curse
 y - 3 scrolls of immolation
 z - 10 scrolls of enchant armour
 A - a scroll of magic mapping
Potions
 g - 8 potions of curing
 h - 4 potions of cancellation
 k - 3 potions of stabbing
 o - 4 potions of flight
 q - a potion of magic
 x - 8 potions of brilliance
 H - 3 potions of ambrosia
 J - 3 potions of lignification
 N - 8 potions of heal wounds
 P - a potion of invisibility
 U - a potion of mutation
 W - a potion of haste
 X - a potion of berserk rage
Miscellaneous
 K - a tin of tremorstones (2/3)
 Q - a phial of floods
 V - a lightning rod (4/4)
Comestibles
 B - 20 rations


   Skills:
 + Level 14.2 Fighting
 - Level 10.0 Short Blades
 - Level 10.0 Crossbows
 + Level 14.4 Dodging
 - Level 12.0 Stealth
 - Level 10.0 Spellcasting
 - Level 10.0 Hexes
 * Level 10.3 Summonings
 - Level 5.0 Translocations
 - Level 6.0 Transmutations
 * Level 5.2 Air Magic
 - Level 7.0 Earth Magic
 - Level 6.0 Evocations


You had one spell level left.
You knew the following spells:

 Your Spells              Type           Power        Failure   Level
a - Leda's Liquefaction   Hex/Erth       #####.....   4%          4
b - Dazzling Flash        Conj/Hex       ####..       5%          3
c - Inner Flame           Hex/Fire       ####....     5%          3
d - Cause Fear            Hex            #####.....   2%          4
e - Passwall              Tmut/Erth      ####....     1%          2
f - Blink                 Tloc           N/A          2%          2
g - Portal Projectile     Hex/Tloc       #####.       1%          3
h - Silence               Hex/Air        #####.....   17%         5
i - Summon Mana Viper     Hex/Summ       #####...     6%          5
j - Summon Butterflies    Summ           #####...     1%          1
k - Confusing Touch       Hex            #####...     1%          3

Your spell library contained the following spells:

 Spells                   Type           Power        Failure   Level
 Apportation              Tloc           ####..       1%          1
 Corona                   Hex            #####..      1%          1
 Sandblast                Erth           #####.       1%          1
 Sting                    Tmut/Pois      ###.         4%          1
 Infusion                 Chrm           #...         14%         1
 Magic Dart               Conj           #...         14%         1
 Call Imp                 Summ           #####...     1%          2
 Slow                     Hex            #####...     1%          2
 Recall                   Summ/Tloc      N/A          1%          3
 Tukima's Dance           Hex            #####...     1%          3
 Ensorcelled Hibernation  Hex/Ice        ####..       2%          2
 Lesser Beckoning         Tloc           ####......   5%          3
 Aura of Abjuration       Summ           #####.....   5%          5
 Summon Demon             Summ           #####.....   5%          5
 Summon Lightning Spire   Summ/Air       #####...     6%          4
 Poisonous Vapours        Pois/Air       ###...       8%          2
 Stone Arrow              Conj/Erth      ###...       10%         3
 Petrify                  Tmut/Erth      ####....     10%         4
 Spider Form              Tmut/Pois      ###.......   12%         3
 Yara's Violent Unravell  Hex/Tmut       #####.....   14%         5
 Summon Forest            Summ/Tloc      #####.....   17%         5
 Ignite Poison            Fire/Tmut/Pois ###.....     19%         3
 Song of Slaying          Chrm           #.......     22%         2
 Mephitic Cloud           Conj/Pois/Air  ###.....     22%         3
 Lee's Rapid Deconstruct  Erth           #####.....   22%         5
 Shadow Creatures         Summ           N/A          30%         6
 Invisibility             Hex            #####...     34%         6
 Conjure Flame            Conj/Fire      #.......     38%         3
 Alistair's Intoxication  Tmut/Pois      ###.....     75%         5
 Olgreb's Toxic Radiance  Pois           #.......     80%         4
 Eringya's Noxious Bog    Tmut/Pois      ###.......   99%         6
 Conjure Ball Lightning   Conj/Air       ###.......   100%        6
 Haunt                    Necr/Summ      ####......   100%        7
 Borgnjor's Revivificati  Necr           #.........   100%        8
 Death's Door             Chrm/Necr      #.........   100%        8
 Discord                  Hex            #####.....   100%        8
 Infestation              Necr           #.........   100%        8
 Necromutation            Tmut/Necr      ###.......   100%        8
 Tornado                  Air            ####......   100%        9


Dungeon Overview and Level Annotations

Branches:
Dungeon (15/15)            Temple (1/1) D:6            Lair (6/6) D:11
 Shoals (0/4) Lair:3       Spider (3/4) Lair:4        Slime (0/5) Lair:6
    Orc (2/2) D:12            Elf (0/3) Orc:2        Vaults (0/5) D:13
 Depths (0/5) D:15          Sewer (visited)         Ossuary (visited)
 Bailey (visited)           IceCv (visited)         Gauntlet (visited)

Altars:
Ashenzari
Cheibriados
Dithmenos
Elyvilon
Fedhas
Gozag
Hepliaklqana
Kikubaaqudgha
Makhleb
Nemelex Xobeh
Okawaru
Qazlal
Ru
Sif Muna
Trog
Uskayaw
Vehumet
Wu Jian
Xom
Yredelemnul
Zin
The Shining One
Beogh
Jiyva

Shops:
D:4 %   D:11 :   D:13 [%   Orc:1 :   Orc:2 !!![

Annotations:
D:7 exclusion: oklob plant


Message History

You kill the orb spider!
Dithmenos accepts your kill.
The burst of rock shards engulfs the orb spider!!
The burst of rock shards engulfs the orb spider!
You kill the orb spider!
Dithmenos accepts your kill.
The burst of rock shards engulfs the jumping spider!!
You kill the jumping spider!
Dithmenos accepts your kill.
You hear a hideous shriek!
You hear an angry hiss.
The orb spider weaves a glowing orb of energy.
The entropy weaver barely misses you. x2; The entropy weaver hits you!
The entropy weaver completely misses you.
An orb of destruction comes into view.
The orb spider begins to weave its threads into a brightly glowing ball.
There is a stone staircase leading up, spattered with blood here.
The jumping spider leaps!
The entropy weaver mumbles some strange words.
The entropic weave corrodes you! The orb of destruction hits you!!!
You die...

#.... ......#
##.#.!###....# .
#...........# ^#
#.#........#..#
##..#.#..s#..#.^
#......#☼..#....
##...#^☼.........
#.....○..#.......
#..#..@a...#.#.^#
##.....°...#..#..
#..##..†##...s..^
#. ..... ...#..#
# .†.#○.....#.#.
#...........$
...#...###.#.
#... ..^


You could see an entropy weaver, an orb spider (charged) and a jumping spider.

Vanquished Creatures
  Arachne (Spider:2)
  A fire giant (D:15)
  An orc warlord (Orc:1)
  A ghost moth (Spider:1)
  Louise (Spider:1)
  2 entropy weavers
  Nessos (Lair:4)
  A minotaur (Gauntlet)
  A dire elephant (Lair:6)
  A fire dragon (Lair:6)
  Josephine (D:15)
  An ogre mage (Orc:1)
  Harold (D:8)
  2 ice dragons (IceCv)
  A vault guard (D:13)
  A catoblepas (Lair:6)
  7 hydras
  An anaconda (Lair:6)
  6 centaur warriors
  17 two-headed ogres
  Erica (D:8)
  A deep troll earth mage (D:9)
  2 tengu warriors (D:13)
  13 death yaks
  An orc high priest (Orc:2)
  Nergalle (Lair:4)
  Sonja (Lair:1)
  2 orc knights
  An unseen horror (D:14)
  A wizard (D:15)
  A lindwurm (Lair:6)
  6 orb spiders
  A necromancer (D:9)
  13 wolf spiders
  2 cyclopes
  4 manticores
  7 orc sorcerers
  11 ugly things
  3 moths of wrath
  Maurice (D:8)
  2 black mambas
  12 elephants
  5 torpor snails (Lair:6)
  6 cane toads
  A gargoyle (D:10)
  6 rime drakes
  An efreet (D:13)
  3 komodo dragons
  7 demonic crawlers
  A freezing wraith (D:15)
  A kobold demonologist (D:14)
  6 trolls
  A tengu conjurer (D:14)
  10 jumping spiders
  4 tyrant leeches
  9 polar bears (Lair:6)
  8 hornets
  8 hippogriffs
  12 slime creatures
  8 blink frogs
  5 raiju
  11 wraiths
  31 redbacks
  13 tarantellas
  4 wyverns
  6 shadows
  Grum (D:8)
  A vampire (D:14)
  40 yaks
  3 basilisks
  A steam dragon (D:11)
  6 wargs
  6 swamp worms
  9 water moccasins
  13 hell hounds (Lair:6)
  2 acid dragons
  6 porcupines
  18 black bears
  29 orc warriors
  21 ice beasts
  2 eyes of draining
  6 sky beasts
  11 centaurs
  18 ogres
  A phantom (D:14)
  14 crocodiles
  23 wolves
  5 big kobolds
  18 bullfrogs
  9 gnoll sergeants
  A wyvern zombie (D:8)
  13 scorpions
  9 killer bees
  21 wights
  4 electric eels
  4 howler monkeys
  2 quasits
  3 centaur zombies
  26 orc priests
  3 bullfrog zombies
  7 jellies
  5 centaur skeletons
  5 gnoll shamans (Bailey)
  8 hounds
  31 orc wizards
  A bullfrog skeleton (D:9)
  4 iguanas
  A lightning spire (Gauntlet)
  6 worker ants
  2 big kobold zombies (Ossuary)
  A hound skeleton (D:6)
  4 mummies
  A worker ant zombie (D:8)
  Robin (D:3)
  21 adders
  25 gnolls
  5 scorpion zombies (Ossuary)
  3 shadow imps
  2 white imps (D:10)
  2 ufetubi
  6 oozes
  An adder skeleton (D:7)
  An adder zombie (D:9)
  3 worms
  A dart slug (D:1)
  4 leopard geckos
  66 orcs
  8 bats
  2 giant cockroaches
  2 gnoll zombies (Ossuary)
  16 goblins
  6 hobgoblins
  8 jackals
  27 kobolds
  3 quokkas
  5 ball pythons
  7 frilled lizards
  4 goblin zombies (Ossuary)
  2 hobgoblin zombies (Ossuary)
  2 kobold zombies (Ossuary)
  2 leopard gecko skeletons
  A leopard gecko zombie (D:6)
  5 orc zombies (Ossuary)
  2 quokka skeletons (D:7)
  A quokka zombie (D:5)
  6 rats
  A bush (D:9)
  9 plants (Lair:4)
988 creatures vanquished.

Vanquished Creatures (collateral kills)
  A hydra (Lair:6)
  2 death yaks (Lair:6)
  A gnoll shaman (Bailey)
  A gnoll (Bailey)
  3 orcs (D:7)
8 creatures vanquished.

Vanquished Creatures (others)
  2 orcs (Orc:1)
  2 bushes
  7 demonic plants (Gauntlet)
  24 fungi
  50 plants (Lair:6)
  4 withered plants (Gauntlet)
89 creatures vanquished.

Grand Total: 1085 creatures vanquished

Notes
Turn   | Place    | Note
-------+----------+-------------------------------------------
     0 | D:1      | MrRokkomies the Kobold Arcane Marksman began the quest for
                  | the Orb.
     0 | D:1      | Reached XP level 1. HP: 12/12 MP: 2/2
   133 | D:1      | Reached XP level 2. HP: 16/16 MP: 3/3
   310 | D:1      | Learned a level 2 spell: Slow
   682 | D:2      | You fall into a shaft and drop 1 floor!
   700 | D:3      | Reached skill level 1 in Stealth
   737 | D:3      | Reached XP level 3. HP: 13/20 MP: 4/4
   969 | D:3      | Noticed Robin
   976 | D:3      | Killed Robin
   985 | D:3      | Reached XP level 4. HP: 13/25 MP: 5/5
  1100 | D:3      | Found a glowing drain.
  1110 | Sewer    | Entered a sewer
  1476 | Sewer    | Noticed a big kobold
  1495 | Sewer    | Killed a big kobold
  1495 | Sewer    | Reached XP level 5. HP: 10/29 MP: 6/6
  1835 | Sewer    | Noticed a big kobold
  1850 | Sewer    | Killed a big kobold
  1850 | Sewer    | Reached XP level 6. HP: 12/34 MP: 7/7
  4203 | D:4      | Reached skill level 5 in Crossbows
  4617 | D:4      | Found Zeluf's Food Shop.
  4626 | D:4      | Bought a ration for 60 gold pieces
  4626 | D:4      | Bought a ration for 60 gold pieces
  4856 | D:4      | Reached XP level 7. HP: 38/38 MP: 8/8
  5201 | D:4      | Reached skill level 5 in Hexes
  5273 | D:4      | Found a white marble altar of Elyvilon.
  5845 | D:4      | Learned a level 3 spell: Inner Flame
  5852 | D:5      | Entered Level 5 of the Dungeon
  6016 | D:5      | Reached XP level 8. HP: 42/43 MP: 9/9
  6330 | D:5      | Reached skill level 5 in Dodging
  6749 | D:5      | Reached skill level 5 in Stealth
  7068 | D:5      | Got an iridescent flail
  7069 | D:5      | Identified the +7 flail "Hetyorch" {vorpal, rElec} (You
                  | found it on level 5 of the Dungeon)
  7704 | D:6      | Found a staircase to the Ecumenical Temple.
  7714 | Temple   | Entered the Ecumenical Temple
  7890 | Temple   | Became a worshipper of Dithmenos the Shadowed
  8454 | D:6      | HP: 2/43 [ice beast (14)]
  8863 | D:6      | Reached XP level 9. HP: 47/47 MP: 10/10
  9107 | D:7      | Found a sand-covered staircase.
  9126 | Ossuary  | Entered an ossuary
  9554 | Ossuary  | Reached * piety under Dithmenos
 10197 | D:7      | Reached ** piety under Dithmenos
 10709 | D:7      | Learned a level 4 spell: Cause Fear
 10832 | D:7      | Found a stormy altar of Qazlal.
 10894 | D:7      | Found a blossoming altar of Fedhas.
 10909 | D:7      | Noticed an oklob plant
 11084 | D:7      | Reached XP level 10. HP: 40/53 MP: 11/11
 11087 | D:7      | Reached skill level 1 in Short Blades
 11432 | D:7      | Noticed a two-headed ogre
 11440 | D:7      | Killed a two-headed ogre
 12318 | D:8      | Reached *** piety under Dithmenos
 12531 | D:8      | Noticed Maurice
 12542 | D:8      | Killed Maurice
 12552 | D:8      | Noticed Grum
 12588 | D:8      | Killed Grum
 12612 | D:8      | Reached skill level 5 in Fighting
 12815 | D:8      | Noticed Erica
 12820 | D:8      | Killed Erica
 12820 | D:8      | Reached skill level 10 in Crossbows
 12820 | D:8      | Reached XP level 11. HP: 64/64 MP: 12/12
 13179 | D:8      | Noticed Harold
 13198 | D:8      | Killed Harold
 13546 | D:8      | Reached skill level 5 in Short Blades
 13737 | D:9      | Reached skill level 10 in Dodging
 13940 | D:9      | Found a bloodstained altar of Trog.
 13940 | D:9      | Found a shattered altar of Ashenzari.
 13943 | D:9      | Found a snail-covered altar of Cheibriados.
 14011 | D:9      | Found a basalt altar of Yredelemnul.
 14015 | D:9      | Found a glowing silver altar of Zin.
 14024 | D:9      | Found a flagged portal.
 14150 | Bailey   | Entered a bailey
 14457 | Bailey   | Learned a level 2 spell: Passwall
 14542 | Bailey   | Reached **** piety under Dithmenos
 15447 | D:9      | Noticed a two-headed ogre
 15491 | D:9      | Killed a two-headed ogre
 16384 | D:9      | Noticed a necromancer
 16384 | D:9      | Noticed a deep troll earth mage
 16393 | D:9      | Killed a necromancer
 16393 | D:9      | Reached skill level 10 in Stealth
 16395 | D:9      | Killed a deep troll earth mage
 16679 | D:10     | Entered Level 10 of the Dungeon
 16837 | D:10     | Noticed a two-headed ogre
 16841 | D:10     | Noticed a centaur warrior
 16952 | D:10     | Reached XP level 12. HP: 67/73 MP: 13/13
 16982 | D:10     | Found a sparkling altar of Nemelex Xobeh.
 16988 | D:10     | Noticed a two-headed ogre
 17098 | D:10     | Killed a two-headed ogre
 17500 | D:10     | Identified the +7 mace of the Modern Coins {speed, *Drain
                  | +Blink MR+++ Int+4}
 17777 | D:10     | Killed a centaur warrior
 18069 | D:10     | Killed a two-headed ogre
 18408 | D:11     | Noticed a two-headed ogre
 18457 | D:11     | Killed a two-headed ogre
 18457 | D:11     | Reached skill level 10 in Hexes
 18778 | D:11     | Noticed a two-headed ogre
 18804 | D:11     | Killed a two-headed ogre
 19595 | D:11     | Reached skill level 10 in Fighting
 19644 | D:11     | Reached XP level 13. HP: 82/82 MP: 18/18
 20023 | D:11     | Learned a level 2 spell: Blink
 20028 | D:11     | Learned a level 3 spell: Portal Projectile
 20031 | D:11     | Found Jifuov's Book Shop.
 20044 | D:11     | Reached ***** piety under Dithmenos
 20050 | D:11     | Found a staircase to the Lair.
 20717 | D:11     | Reached skill level 5 in Spellcasting
 21269 | D:12     | Reached skill level 1 in Translocations
 22135 | D:12     | Found a staircase to the Orcish Mines.
 22750 | D:11     | Reached skill level 10 in Short Blades
 22766 | Lair:1   | Entered Level 1 of the Lair of Beasts
 22834 | Lair:1   | Noticed a six-headed hydra
 22841 | Lair:1   | Killed a six-headed hydra
 22964 | Lair:1   | Reached skill level 1 in Transmutations
 23646 | Lair:1   | Noticed Sonja
 23650 | Lair:1   | Killed Sonja
 24158 | Lair:2   | Noticed a four-headed hydra
 24159 | Lair:2   | Killed a four-headed hydra
 24939 | Lair:2   | Reached XP level 14. HP: 90/90 MP: 19/23
 25239 | Lair:2   | Reached skill level 5 in Translocations
 25510 | Lair:3   | Found a frozen archway.
 25541 | Lair:3   | Reached skill level 1 in Evocations
 25641 | IceCv    | Entered an ice cave
 27609 | IceCv    | Got a coiled silver ring
 27619 | IceCv    | Identified the ring "Piedev" {+Fly rPois Stlth+} (You found
                  | it in an ice cave)
 27748 | Lair:3   | Identified a scroll of acquirement
 27749 | Lair:3   | Found the +7 pair of quick blades "Gyre" and "Gimble"
                  | {protect}
 27749 | Lair:3   | Got the +7 pair of quick blades "Gyre" and "Gimble"
                  | {protect}
 27986 | Lair:3   | Found a staircase to the Shoals.
 28219 | Lair:3   | Reached skill level 5 in Transmutations
 28225 | Lair:3   | Learned a level 4 spell: Petrify
 28231 | Lair:3   | Learned a level 5 spell: Summon Mana Viper
 28590 | Lair:4   | Noticed Nergalle
 28612 | Lair:3   | Reached skill level 1 in Earth Magic
 28766 | Lair:4   | Found a hole to the Spider Nest.
 28873 | Lair:4   | Killed Nergalle
 29157 | Lair:4   | Reached skill level 5 in Evocations
 29336 | Lair:4   | Got a slimy hand crossbow
 29337 | Lair:4   | Identified the +6 hand crossbow of Brawling {speed, rElec
                  | Str+8} (You found it on level 4 of the Lair of Beasts)
 29375 | Lair:4   | Noticed Nessos
 29380 | Lair:4   | Killed Nessos
 30218 | Lair:5   | Reached skill level 1 in Summonings
 30883 | Lair:6   | Entered Level 6 of the Lair of Beasts
 30991 | Lair:6   | Reached XP level 15. HP: 89/96 MP: 26/26
 31259 | Lair:6   | Reached skill level 5 in Earth Magic
 31277 | Lair:6   | Found a runed translucent door.
 31304 | Lair:6   | Learned a level 4 spell: Leda's Liquefaction
 31718 | Lair:6   | Found a staircase to the Slime Pits.
 31719 | Lair:6   | Found a viscous altar of Jiyva.
 32128 | Lair:6   | Got a pair of distressingly furry boots
 32129 | Lair:6   | Identified the +3 pair of boots "Veoqim" {Str+4} (You found
                  | it on level 6 of the Lair of Beasts)
 32995 | Lair:6   | Reached ****** piety under Dithmenos
 33923 | Lair:5   | Reached XP level 16. HP: 87/103 MP: 28/28
 34214 | Orc:1    | Entered Level 1 of the Orcish Mines
 34294 | D:12     | Reached skill level 5 in Summonings
 34700 | Orc:1    | Upgraded the game from 0.26-a0-227-g1af32d979d to
                  | 0.26-a0-244-g083ca260ac
 34710 | Orc:2    | Entered Level 2 of the Orcish Mines
 34812 | Orc:2    | Found a gate leading to a gauntlet.
 34841 | Orc:2    | Found a staircase to the Elven Halls.
 34855 | Gauntlet | Entered a Gauntlet
 34855 | Gauntlet | Found a transporter.
 34855 | Gauntlet | Found a transporter.
 34856 | Gauntlet | Found a transporter.
 34876 | Gauntlet | Found a transporter.
 34888 | Gauntlet | Found a transporter.
 34907 | Gauntlet | Found a transporter.
 34914 | Gauntlet | Found a transporter.
 34921 | Gauntlet | Found a transporter.
 34929 | Gauntlet | Found a transporter.
 34933 | Gauntlet | Found a transporter.
 34977 | Gauntlet | Found a transporter.
 34996 | Gauntlet | Found a transporter.
 35096 | Gauntlet | Got a jewelled helmet
 35105 | Gauntlet | Identified the +2 helmet "Cooxeih" {rElec Str+2 Int-5} (You
                  | found it in a Gauntlet)
 35223 | Gauntlet | Identified Sif Muna's Disquisition on Virous Good Luck
 35583 | Orc:1    | Found Anilegam's Book Shoppe.
 36077 | Orc:2    | Found Xugg's Armour Shop.
 36081 | Orc:2    | Found Dizosat's Distillery.
 36257 | Orc:2    | Found Zedunafi's Distillery.
 36261 | Orc:2    | Found Aqaopaq's Distillery.
 36285 | Orc:2    | Bought a potion of berserk rage for 75 gold pieces
 36285 | Orc:2    | Bought a potion of invisibility for 120 gold pieces
 36285 | Orc:2    | Bought a potion of heal wounds for 75 gold pieces
 36285 | Orc:2    | Bought 2 potions of heal wounds for 150 gold pieces
 36292 | Orc:2    | Bought a +0 helmet of intelligence for 207 gold pieces
 36306 | Orc:2    | Bought a potion of heal wounds for 80 gold pieces
 36306 | Orc:2    | Bought a potion of heal wounds for 80 gold pieces
 36306 | Orc:2    | Bought a potion of heal wounds for 80 gold pieces
 36477 | Orc:2    | Found a roughly hewn altar of Beogh.
 36648 | Orc:1    | Bought a book of Party Tricks for 600 gold pieces
 36648 | Orc:1    | Bought a book of Hexes for 600 gold pieces
 36650 | Orc:1    | Learned a level 1 spell: Summon Butterflies
 36654 | Orc:1    | Learned a level 3 spell: Confusing Touch
 37020 | D:13     | Found a gate to the Vaults.
 37167 | D:13     | Found Itwaikk's Book Shoppe.
 37172 | D:13     | Found a radiant altar of Vehumet.
 37231 | D:13     | Found Atiy's Antique Armour Boutique.
 37251 | D:13     | Found Tity's Food Emporium.
 37336 | D:13     | Found a sparkling altar of Nemelex Xobeh.
 38634 | D:14     | Reached skill level 10 in Spellcasting
 38641 | D:14     | Learned a level 5 spell: Silence
 38792 | D:14     | Learned a level 3 spell: Dazzling Flash
 38814 | D:15     | Entered Level 15 of the Dungeon
 38956 | D:15     | Reached XP level 17. HP: 109/109 MP: 31/31
 38962 | D:15     | Found the +7 captain's cutlass {speed, disarm}
 39040 | D:15     | Noticed Josephine
 39048 | D:15     | Killed Josephine
 39247 | D:15     | Found a staircase to the Depths.
 39882 | Spider:1 | Entered Level 1 of the Spider Nest
 40102 | Lair:4   | Reached skill level 1 in Air Magic
 40239 | Spider:1 | Identified the +1 tower shield of Lust {Str+5}
 40239 | Spider:1 | Noticed Louise
 40356 | Spider:1 | Killed Louise
 40991 | Spider:2 | Noticed Arachne
 41004 | Spider:2 | Killed Arachne
 41416 | Spider:1 | Reached skill level 10 in Summonings
 42066 | Spider:2 | Reached skill level 5 in Air Magic
 42484 | Spider:3 | Blown up by an orb spider

Illustrated notes

Levels and vault maps discovered:
D:1:      matt_arrival_grand_opening, layout_rooms
D:2:      layout_loops_ring, serial_forest, infiniplex_forest_clump_medium,
          infiniplex_forest_clump_large, infiniplex_forest_clump_diagonal,
          infiniplex_forest_lined_2, infiniplex_forest_clump_small,
          infiniplex_forest_fountain, infiniplex_forest_lined_room_,
          infiniplex_forest_lined_corner
D:3:      layout_loops_ring, portal_sewer_entry_d, minmay_misc_feat_diagonals,
          uniq_robin
D:4:      layout_cave_pools, serial_shops, nicolae_shop_stone, elyvilon_altar_3
D:5:      minmay_clustersquares, layout_gridville, first_ration,
          minmay_misc_feat_tiny, fountainhead, cheibrodos_gnoll_hut
D:6:      layout_basic, temple_pool_b
D:7:      black_bear_nest_1, layout_rooms, tgw_fedhas,
          gup_ossuary_entry_pyramid, grunt_qazlal_sundering
D:8:      layout_basic, hangedman_little_slice_of_home, uniq_harold, uniq_grum,
          uniq_maurice, uniq_erica
D:9:      minmay_shrinking_squares, layout_stronghold,
          gammafunk_temple_overflow_forgotten, grunt_temple_overflow_open,
          enter_bailey_8, kb_lookout_dungeons_type
D:10:     layout_rooms, basic_altar, minmay_diamond_spiral
D:11:     kennysheep_windowed_halls, layout_basic, lair_entry_dummy,
          serial_shops, shop_fountains, kennysheep_generic_room_7
D:12:     layout_loops_ring, orc_0_dummy, nicolae_straight_to_the_point
D:13:     layout_layer_cave, david_vaults_5, basic_altar, serial_shops,
          nicolae_shop_behind_doors, nicolae_shop_trees,
          nicolae_shop_behind_doors, nemelex_xobeh_ov_fountains_minmay
D:14:     layout_gridville, lightli_minifort
D:15:     grunt_enter_depths_giant_problem, layout_irregular_city,
          skrybe_limestone_x, uniq_josephine
Temple:   eino_temple_rhombus
Lair:1:   layout_regular_city, beast_lair_carwin_3, uniq_sonja
Lair:2:   layout_cave_shapes, beast_lair_carwin_7, grunt_megastairs_2
Lair:3:   layout_roguey, shoals_dummy_entry, portal_ice_cave_rime
Lair:4:   layout_long_grid, spider_nest_entry_rubble, wad_woods_river_04,
          serial_bayou_shore_a, uniq_nessos, uniq_nergalle
Lair:5:   layout_roguey
Lair:6:   hangedman_lair_caniforms_friends, layout_hall_layers, wormcave,
          slime_altar_1, worms_lemuel
Spider:1: layout_spider_delve, uniq_louise
Spider:2: layout_spider_delve, uniq_arachne
Spider:3: layout_spider_delve
Orc:1:    layout_caves, serial_shops, nicolae_shop_window_shopping
Orc:2:    st_orc_mages, layout_caves, basic_altar, gauntlet_entry_generic

Skill      XL: |  1  2  3  4  5  6  7  8  9 10 11 12 13 14 15 16 17 |
---------------+----------------------------------------------------+-----
Crossbows      | 3 4 5 6 7 9 10 | 10.0
Dodging        | 3 4 5 7 9 10 12 13 14 | 14.4
Stealth        | 1 2 3 4 5 7 8 10 11 12 | 12.0
Hexes          | 4 5 6 8 9 10 | 10.0
Fighting       | 5 8 10 11 12 13 14 | 14.2
Short Blades   | 4 6 8 10 | 10.0
Spellcasting   | 3 6 7 8 10 | 10.0
Translocations | 4 5 |  5.0
Transmutations | 3 5 6 |  6.0
Evocations     | 6 |  6.0
Earth Magic    | 4 7 |  7.0
Summonings     | 1 4 8 10 | 10.3
Air Magic      | 5 |  5.2

Action                   |  1- 3 |  4- 6 |  7- 9 | 10-12 | 13-15 | 16-18 || total
-------------------------+-------+-------+-------+-------+-------+-------++-------
Melee: Dagger            |    43 |   224 |   308 |   776 |   977 |       ||  2328
       Flail             |       |       |   145 |   136 |   164 |       ||   445
       Pair of quick bla |       |       |       |       |  1216 |  1379 ||  2595
 Fire: Hand crossbow     |    29 |    30 |    15 |       |     4 |    20 ||    98
Throw: Dart              |       |     6 |    15 |    95 |    71 |    33 ||   220
       Throwing net      |       |       |       |     1 |     8 |     2 ||    11
 Cast: Corona            |       |       |     2 |       |       |       ||     2
       Slow              |       |       |       |     9 |     6 |       ||    15
       Inner Flame       |       |       |       |    17 |     5 |       ||    22
       Cause Fear        |       |       |       |     4 |     5 |       ||     9
       Blink             |       |       |       |       |     4 |    10 ||    14
       Leda's Liquefacti |       |       |       |       |     3 |     7 ||    10
       Summon Mana Viper |       |       |       |       |     1 |       ||     1
       Confusing Touch   |       |       |       |       |       |     5 ||     5
       Dazzling Flash    |       |       |       |       |       |     7 ||     7
       Summon Butterflie |       |       |       |       |       |     4 ||     4
Invok: Shadow Step       |       |       |       |     2 |     6 |     2 ||    10
Evoke: Wand              |       |       |       |    10 |    17 |     2 ||    29
       Lightning rod     |       |       |       |       |     3 |     4 ||     7
       Phial of floods   |       |       |       |       |     1 |       ||     1
       Phantom mirror    |       |       |       |       |     1 |       ||     1
       Tin of tremorston |       |       |       |       |       |     1 ||     1
  Use: Scroll            |     7 |     5 |    12 |     6 |    14 |    11 ||    55
       Potion            |       |       |     3 |     7 |     6 |     3 ||    19
 Stab: Sleeping          |     1 |     8 |    13 |    29 |    32 |    49 ||   132
       Held in net/web   |       |       |       |     2 |     7 |     5 ||    14
       Fleeing           |       |       |       |       |     1 |       ||     1
       Distracted        |       |       |       |       |     5 |     6 ||    11
       Petrified         |       |       |       |       |     5 |       ||     5
       Confused          |       |       |       |       |       |    10 ||    10
       Invisible         |       |       |       |       |       |    13 ||    13
  Eat: Ration            |       |     4 |     5 |     8 |    11 |     7 ||    35
Armor: Robe              |    15 |    32 |    49 |    35 |    28 |       ||   159
       Ring mail         |       |       |       |    14 |   169 |   271 ||   454
       Acid dragon scale |       |       |       |    57 |    38 |       ||    95
Dodge: Dodged            |    54 |   209 |   469 |   755 |  1062 |  1018 ||  3567
Block: Other             |       |       |       |    64 |   126 |       ||   190

Table legend:
 A = Non-vault XP
 B = Vault XP
 C = Vault XP percentage of total XP
 D = Non-vault monster count
 E = Vault monster count
 F = Vault count percentage of total count
                 A         B        C        D         E       F
            +---------+---------+-------+---------+---------+-------
      Total |  138401 |   61099 |  30.6 |     656 |     329 |  33.4
            +---------+---------+-------+---------+---------+-------
        D:1 |      21 |       0 |   0.0 |      12 |       0 |   0.0
        D:2 |      44 |       0 |   0.0 |      14 |       0 |   0.0
        D:3 |     117 |      47 |  28.7 |      22 |      12 |  35.3
        D:4 |     460 |       0 |   0.0 |      18 |       0 |   0.0
        D:5 |     598 |     168 |  21.9 |      20 |       9 |  31.0
        D:6 |     581 |       0 |   0.0 |      18 |       0 |   0.0
        D:7 |    1955 |     149 |   7.1 |      35 |       2 |   5.4
        D:8 |    1443 |    3234 |  69.1 |      23 |      16 |  41.0
        D:9 |    1856 |    1979 |  51.6 |      18 |       6 |  25.0
       D:10 |    3606 |    2370 |  39.7 |      29 |       4 |  12.1
       D:11 |    7183 |    3655 |  33.7 |      32 |      21 |  39.6
       D:12 |    8062 |       0 |   0.0 |      41 |       0 |   0.0
       D:13 |   10194 |     974 |   8.7 |      48 |       1 |   2.0
       D:14 |    5812 |     897 |  13.4 |      30 |       5 |  14.3
       D:15 |    9622 |    3562 |  27.0 |      22 |       6 |  21.4
     Lair:1 |    3175 |    1477 |  31.7 |      15 |       5 |  25.0
     Lair:2 |    3662 |     983 |  21.2 |      15 |       6 |  28.6
     Lair:3 |    2884 |     744 |  20.5 |      12 |       2 |  14.3
     Lair:4 |    9358 |    2423 |  20.6 |      25 |       3 |  10.7
     Lair:5 |   12660 |     762 |   5.7 |      33 |       3 |   8.3
     Lair:6 |   17436 |   18270 |  51.2 |      41 |      74 |  64.3
   Spider:1 |   15137 |    1677 |  10.0 |      43 |       1 |   2.3
   Spider:2 |    7220 |    3770 |  34.3 |      23 |       1 |   4.2
   Spider:3 |    2740 |       0 |   0.0 |       8 |       0 |   0.0
      Orc:1 |    9746 |      69 |   0.7 |      32 |       2 |   5.9
      Orc:2 |    2829 |    4826 |  63.0 |      27 |      46 |  63.0
      Sewer |       0 |     230 | 100.0 |       0 |      15 | 100.0
    Ossuary |       0 |     848 | 100.0 |       0 |      34 | 100.0
     Bailey |       0 |    1150 | 100.0 |       0 |      30 | 100.0
      IceCv |       0 |    4553 | 100.0 |       0 |      18 | 100.0
   Gauntlet |       0 |    2282 | 100.0 |       0 |       7 | 100.0
            +---------+---------+-------+---------+---------+-------
